 Dungeon Crawl Stone Soup version 0.31-a0-1612-g4aaf141004 (webtiles) character file.

Game seed: 12243615732648376186

1343 Bnni the Spear-Bearer (level 8, -5/61 (65) HPs)
             Began as a Formicid Fighter on Jan 9, 2024.
             Was a Follower of Yredelemnul.
             Killed from afar by an electric eel (14 damage)
             ... with a bolt of electricity
             ... on level 6 of the Dungeon.
             The game lasted 00:14:07 (5379 turns).

Bnni the Spear-Bearer (Formicid Fighter)            Turns: 5379, Time: 00:14:08

HP:   -5/61 (65)    AC: 14    Str: 23    XL:     8   Next: 93%
MP:   10/10         EV: 13    Int: 14    God:    Yredelemnul [*.....]
Gold: 356           SH:  5    Dex: 13    Spells: 7/7 levels left

rFire   . . .        a - +0 trident
rCold   . . .        c - +0 buckler
rNeg    . . .        n - +0 chain mail
rPois   .            (helmet unavailable)
rElec   .            (no cloak)
rCorr   .            d - +2 pair of gloves
SInv    +            p - +1 pair of boots
Will    .....        (no amulet) Stlth
                     C - +6 ring of intelligence
HPRegen 0.30/turn    A - +5 ring of evasion
MPRegen 0.12/turn

%: no passive effects
@: drained
A: permanent stasis, dig shafts and tunnels, antennae 3, four strong arms
a: Dig, Shaft Self, Renounce Religion, Recall Undead Harvest


You were on level 6 of the Dungeon.
You worshipped Yredelemnul.
Yredelemnul was noncommittal.
You visited 2 branches of the dungeon, and saw 7 of its levels.
You also visited: Sewer.

You collected 356 gold pieces.

Inventory:

Hand Weapons
 a - a +0 trident (weapon)
 F - a +1 dagger of venom
Missiles
 s - 7 boomerangs
 y - 4 javelins
Armour
 c - a +0 buckler (worn)
 d - a +2 pair of gloves (worn)
 n - a +0 chain mail (worn)
 p - a +1 pair of boots (worn)
Jewellery
 q - a ring of ice
 A - a +5 ring of evasion (right hand)
 C - a +6 ring of intelligence (left hand)
Scrolls
 e - 3 scrolls of enchant weapon {unknown}
 j - 2 scrolls of teleportation {unknown}
 k - a scroll of amnesia {unknown}
 l - 3 scrolls of poison {unknown}
 m - a scroll of noise {unknown}
 u - a scroll of revelation {unknown}
 v - a scroll of vulnerability {unknown}
 w - 2 scrolls of fog {unknown}
 z - a scroll of enchant armour {unknown}
 D - a scroll of fear {unknown}
 H - a scroll of summoning {unknown}
Potions
 b - 8 potions of heal wounds
 f - a potion of lignification {unknown}
 g - 5 potions of brilliance
 h - 2 potions of resistance
 i - a potion of degeneration {unknown}
 o - 2 potions of cancellation
 r - 4 potions of mutation
 t - 2 potions of curing {unknown}
 x - 2 potions of magic {unknown}
 E - a potion of attraction {unknown}
 G - a potion of enlightenment {unknown}


   Skills:
 + Level 6.9 Fighting
 * Level 8.1 Polearms
 - Level 3.2 Armour
 - Level 4.0 Shields
 + Level 3.9 Invocations


You had 7 spell levels left.
You didn't know any spells.
Your spell library contained the following spells:

 Spells                   Type           Power      Damage    Failure   Level
 Ensorcelled Hibernation  Hex/Ice        0%         N/A       97%         2
 Dazzling Flash           Conj/Hex       0%         N/A       99%         3
 Mephitic Cloud           Conj/Alch/Air  0%         N/A       99%         3
 Passwall                 Erth           0%         N/A       99%         3
 Curse of Agony           Necr           0%         N/A       100%        5
 Silence                  Hex/Air        0%         N/A       100%        5
 Swiftness                Air            Unusable   N/A       N/A         3

Dungeon Overview and Level Annotations

Branches:
Dungeon (6/15)             Temple (1/1) D:5           Sewer (visited)

Altars:
Ashenzari
Cheibriados
Dithmenos
Elyvilon
Fedhas
Gozag
Hepliaklqana
Kikubaaqudgha
Nemelex Xobeh
Qazlal
Sif Muna
Trog
Uskayaw
Yredelemnul
Zin
The Shining One

Annotations:
D:6 exclusion: 3 doors


Innate Abilities, Weirdness & Mutations

You cannot be hasted, slowed, berserked, paralysed or teleported.
You can dig through walls and to a lower floor.
You have a pair of large antennae on your head. (SInv)
Your four strong arms can wield two-handed weapons with a shield.


Message History

Unknown command.
You swap places.
Your scorpion zombie hits the orc priest.
The orc priest looks satisfied for a moment.
The orc priest hits your scorpion zombie with a +0 whip.
Your orc priest zombie closely misses the iguana.
Your orc wizard zombie hits the electric eel.
The iguana barely misses your scorpion zombie.
The electric eel shoots out a bolt of lightning at you!
The bolt of electricity hits the orc priest!
The orc priest dies!
The bolt of electricity hits your scorpion zombie!
The bolt of electricity hits you.
The electric eel struggles against the net.
The net rips apart, and the electric eel comes free!
Your orc priest zombie hits the iguana but does no damage.
The iguana bites your orc priest zombie!
Your orc priest zombie hits the iguana but does no damage.
Your orc wizard zombie splashes around in the water.
Your orc priest zombie hits the iguana but does no damage.
The electric eel shoots out a bolt of lightning at you!
The bolt of electricity hits you!
* * * LOW HITPOINT WARNING * * *
The iguana barely misses your orc priest zombie.
Your orc priest zombie closely misses the iguana.
Unknown command.
You extend your mandibles.
You dig through the rock wall.
You feel drained.
Your scorpion zombie hits the electric eel.
Your orc wizard zombie closely misses the electric eel.
The electric eel shoots out a bolt of lightning at you!
The bolt of electricity hits your orc priest zombie!
The bolt of electricity hits you.
* * * LOW HITPOINT WARNING * * *
You dig through the rock wall.
You feel drained.
Your scorpion zombie misses the electric eel.
The electric eel shoots out a bolt of lightning at you!
The bolt of electricity hits you!
You die...
Your body rises from the dead as a mindless zombie.

######...#
#......(.#
#........#
#........#
#........#
#........#
#........##
#.........###
#...~≈..~.#@#
##...~..~≈..## #
#...~~..~~.######.
#
#...~~..~.........
#..~~..~≈.........
#..~..~o)lZ.......
#..~..~Z)_........
#..~..ZSZ.........
#..~S..~≈o........


You could see an iguana, an electric eel (ally target), an orc priest (ally
target), a friendly scorpion zombie, a friendly orc priest zombie and a friendly
orc wizard zombie.

Vanquished Creatures
  An ice beast (D:4)
  2 black bears
  3 phantoms
  A scorpion (D:6)
  4 wights (D:6)
  A howler monkey (D:4)
  A bombardier beetle (D:5)
  A hound (D:4)
  A jelly (D:6)
  3 orc priests
  Jessica (D:2)
  An iguana (D:5)
  A sleepcap (D:5)
  7 adders
  2 shadow imps (D:6)
  2 ribbon worms (D:2)
  7 dart slugs
  4 orcs
  9 endoplasms
  10 giant cockroaches
  5 goblins
  6 hobgoblins
  2 jackals (D:3)
  4 quokkas
  9 ball pythons
  5 bats
  11 frilled lizards
  10 kobolds
  5 rats
119 creatures vanquished.

Vanquished Creatures (collateral kills)
  A bullfrog (Sewer)
  An orc wizard (D:6)
  4 dart slugs (Sewer)
  An orc (D:6)
7 creatures vanquished.

Vanquished Creatures (others)
  An orc priest (D:6)
  An adder zombie (Sewer)
  2 spectral shadow imps (D:6)
  An orc (D:6)
  A dart slug zombie (Sewer)
  A frilled lizard zombie (Sewer)
  A giant cockroach zombie (Sewer)
  4 kobold zombies (D:6)
  A rat (D:3)
13 creatures vanquished.

Grand Total: 139 creatures vanquished

Notes
Turn   | Place    | Note
-------+----------+-------------------------------------------
     0 | D:1      | Bnni the Formicid Fighter began the quest for the Orb.
     0 | D:1      | Reached XP level 1. HP: 18/18 MP: 1/1
    61 | D:1      | Reached XP level 2. HP: 24/24 MP: 2/2
   673 | D:2      | Reached XP level 3. HP: 30/30 MP: 3/3
   678 | D:2      | Reached skill level 3 in Polearms
   868 | D:2      | Noticed Jessica
   877 | D:2      | Killed Jessica
   878 | D:2      | Reached XP level 4. HP: 34/37 MP: 4/4
  1910 | D:3      | Found an ancient bone altar of Kikubaaqudgha.
  2068 | D:3      | Reached skill level 4 in Polearms
  2096 | D:3      | Reached XP level 5. HP: 41/42 MP: 5/5
  2116 | D:3      | Found a stormy altar of Qazlal.
  2581 | D:4      | Reached XP level 6. HP: 46/49 MP: 6/6
  2643 | D:4      | Found a shimmering blue altar of Sif Muna.
  2659 | D:4      | Reached skill level 5 in Fighting
  2659 | D:4      | Reached skill level 5 in Polearms
  2706 | D:4      | Noticed an ice beast
  2719 | D:4      | Killed an ice beast
  2944 | D:4      | Noticed a black bear
  2953 | D:4      | Killed a black bear
  2954 | D:4      | Reached skill level 6 in Polearms
  2954 | D:4      | Reached XP level 7. HP: 56/56 MP: 7/7
  3343 | D:5      | Entered Level 5 of the Dungeon
  3459 | D:5      | Found a staircase to the Ecumenical Temple.
  3468 | Temple   | Entered the Ecumenical Temple
  3473 | Temple   | Became a worshipper of Yredelemnul the Dark
  3617 | D:5      | Found a shadowy altar of Dithmenos.
  3667 | D:5      | Reached skill level 1 in Invocations
  3714 | D:5      | Reached * piety under Yredelemnul
  4233 | D:6      | Found a blossoming altar of Fedhas.
  4292 | D:6      | Found a glowing drain.
  4296 | Sewer    | Entered a sewer
  4421 | Sewer    | Reached XP level 8. HP: 64/64 MP: 9/9
  4453 | Sewer    | Reached ** piety under Yredelemnul
  4546 | Sewer    | Reached skill level 7 in Polearms
  4823 | D:6      | Found a shadowy altar of Dithmenos.
  4823 | D:6      | Found a white marble altar of Elyvilon.
  4823 | D:6      | Found a glowing silver altar of Zin.
  4823 | D:6      | Found a hide-covered altar of Uskayaw.
  4823 | D:6      | Found a basalt altar of Yredelemnul.
  4823 | D:6      | Found a bloodstained altar of Trog.
  4823 | D:6      | Noticed a slime creature
  4823 | D:6      | Noticed a slime creature
  5354 | D:6      | Found a broken altar of Ashenzari.
  5362 | D:6      | Reached skill level 8 in Polearms
  5379 | D:6      | Killed from afar by an electric eel

Illustrated notes

Levels and vault maps discovered:
D:1:      spicycebolla_green_bress_n_ham_2, layout_loops_ring
D:2:      layout_loops_ring, chequers_serial_rivers_large_a,
          due_unseen_surprise, uniq_jessica
D:3:      layout_loops_ring, nicolae_qazlal_scattered_showers, lemuel_tele_altar
D:4:      layout_basic, mainiacjoe_overflow_24_doors, minmay_misc_feat_tower,
          kennysheep_generic_room_10
D:5:      layout_basic, mainiacjoe_overflow_catwalk,
          minmay_temple_entry_proselytizer
D:6:      cheibrodos_fertilizer, layout_basic, kennysheep_mini_moat,
          mainiacjoe_overflow_catch_the_wave,
          mainiacjoe_sewer_entry_somewhere_in_here_2
Temple:   hellmonk_temple_micro_hex

Skill      XL: |  1  2  3  4  5  6  7  8 |
---------------+-------------------------+-----
Polearms       | 3 4 6 8 |  8.1
Fighting       | 4 5 6 |  6.9
Invocations    | 1 3 |  3.9
Armour         | |  3.2
Shields        | |  4.0

Action                     |  1- 3 |  4- 6 |  7- 9 || total
---------------------------+-------+-------+-------++-------
  Melee: Trident           |    65 |   166 |   222 ||   453
  Throw: Throwing net      |       |       |     1 ||     1
         Boomerang         |       |       |     1 ||     1
 Invoke: Dark Bargain      |       |       |     1 ||     1
Ability: Dig               |       |     1 |     2 ||     3
    Use: Scroll            |       |       |     5 ||     5
         Potion            |       |       |     1 ||     1
   Stab: Sleeping          |     1 |       |       ||     1
 Armour: Leather armour    |    13 |       |       ||    13
         Chain mail        |    11 |    95 |    97 ||   203
  Dodge: Dodged            |    17 |    49 |    93 ||   159
  Block: Buckler           |    10 |    40 |    32 ||    82

Table legend: (Time is in decaauts)
 A = Elapsed time spent in this place.
 B = Non-inter-level travel time spent in this place.
 C = Inter-level travel time spent in this place.
 D = Time resting spent in this place.
 E = Time spent auto-exploring this place.
 F = Levels seen in this place.
 G = Mean time per level.
                   A        B        C        D        E       F      G
               +--------+--------+--------+--------+--------+-----+--------+
         Total |   5521 |   5373 |    148 |     87 |   3986 |   8 |  690.1 |
       Dungeon |   5003 |   4859 |    144 |     87 |   3859 |   6 |  833.8 |
        Temple |     10 |      6 |      4 |      0 |      0 |   1 |   10.0 |
         Sewer |    507 |    507 |      0 |      0 |    127 |   1 |  507.0 |
               +--------+--------+--------+--------+--------+-----+--------+

Top non-repeatable levels by time:
     D:4: 1073 daAuts
     D:2: 871 daAuts
     D:6: 809 daAuts
     D:5: 809 daAuts
     D:3: 800 daAuts
     D:1: 639 daAuts
   Sewer: 507 daAuts
  Temple: 10 daAuts
